BR (22 & UNDER)
SAN FRANCISCO MACHO MEN @ HARTFORD DARTH WHALERS
08/28/2028
 
TOP OF THE 1ST
San Francisco Macho Men batting - Pitching for Hartford Darth Whalers : RHP José Francisco
Pitching: RHP José Francisco
Batting: RHB Júlio Serra 0-0: Ball
1-0: Foul Ball, location: 2F
1-1: Swinging Strike
1-2: Strikes out swinging
Batting: LHB Phil Bishop 0-0: Swinging Strike
0-1: Ground out 6-3 (Groundball, 6)
Batting: LHB Ernesto Hernández 0-0: Swinging Strike
0-1: Ball
1-1: Ball
2-1: Foul Ball, location: 2F
2-2: Ground out 4-3 (Groundball, 4)
Top of the 1st over - 0 run(s), 0 hit(s), 0 error(s), 0 left on base; San Francisco 0 - Hartford 0
BOTTOM OF THE 1ST
Hartford Darth Whalers batting - Pitching for San Francisco Macho Men : RHP José Zamora
Pitching: RHP José Zamora
Batting: LHB Ryan Billman 0-0: Called Strike
0-1: Ball
1-1: Ball
2-1: Swinging Strike
2-2: Ground out U3 (Groundball, 3)
Batting: RHB Luis Manuel Miranda 0-0: Called Strike
0-1: Called Strike
0-2: Ball
1-2: Foul Ball, location: 2F
1-2: Strikes out swinging
Batting: LHB Larry Wright 0-0: Ball
1-0: Foul Ball, location: 2F
1-1: Foul Ball, location: 2F
1-2: Foul Ball, location: 2F
1-2: Ball
2-2: Ball
3-2: Foul Ball, location: 2F
3-2: Fly out, F8 (Flyball, 8RD)
Bottom of the 1st over - 0 run(s), 0 hit(s), 0 error(s), 0 left on base; San Francisco 0 - Hartford 0
TOP OF THE 2ND
San Francisco Macho Men batting - Pitching for Hartford Darth Whalers : RHP José Francisco
Batting: RHB Miguel Ramos 0-0: Called Strike
0-1: Swinging Strike
0-2: SOLO HOME RUN (Line Drive, 7D), Distance : 377 ft
Batting: LHB Ángel De Jesús 0-0: Foul Ball, location: 2F
0-1: Swinging Strike
0-2: Foul Ball, location: 2F
0-2: Ball
1-2: Strikes out swinging
Batting: RHB Phil Rowlett 0-0: Ball
1-0: SINGLE (Groundball, 56D)
Batting: RHB Daniel Bennett 0-0: Ball
1-0: Ball
2-0: Foul Ball, location: 2F
2-1: Ball
3-1: SINGLE (Flyball, 89S)
Phil Rowlett to second
Runner from 2nd tries for 3rd, SAFE, throw made to third
Batting: RHB Bob Jones 0-0: Ball
1-0: Ball
2-0: Ball
3-0: Base on Balls
Daniel Bennett to second
Batting: RHB Lawrence Pérez 0-0: Grounds into double play, 6-4-3 (Groundball, 6)
Top of the 2nd over - 1 run(s), 3 hit(s), 0 error(s), 2 left on base; San Francisco 1 - Hartford 0
BOTTOM OF THE 2ND
Hartford Darth Whalers batting - Pitching for San Francisco Macho Men : RHP José Zamora
Batting: RHB Ryan Thrippleton 0-0: Ball
1-0: Ground out 6-3 (Groundball, 6)
Batting: LHB Todd Gilliam 0-0: Ball
1-0: Called Strike
1-1: Ball
2-1: Foul Ball, location: 2F
2-2: Foul Ball, location: 2F
2-2: Ball
3-2: Base on Balls
Batting: RHB Sergio Calderón 0-0: Ball
1-0: Ball
2-0: Called Strike
2-1: Grounds into double play, 4-6-3 (Groundball, 4)
Bottom of the 2nd over - 0 run(s), 0 hit(s), 0 error(s), 0 left on base; San Francisco 1 - Hartford 0
TOP OF THE 3RD
San Francisco Macho Men batting - Pitching for Hartford Darth Whalers : RHP José Francisco
Batting: RHB Júlio Serra 0-0: Ball
1-0: Foul Ball, location: 2F
1-1: Fly out, F3 (Popup, 3S)
Batting: LHB Phil Bishop 0-0: Ground out U3 (Groundball, 3)
Batting: LHB Ernesto Hernández 0-0: Ball
1-0: SINGLE (Groundball, 6MD)
Batting: RHB Miguel Ramos 0-0: Ball
1-0: Ball
Ernesto Hernández steals 2nd base
2-0: Called Strike
2-1: Called Strike
2-2: SINGLE (Groundball, 34S) (infield hit)
Ernesto Hernández to third
Batting: LHB Ángel De Jesús 0-0: Ball
1-0: Ball
2-0: Called Strike
2-1: Called Strike
2-2: Fly out, F8 (Flyball, 78D)
Top of the 3rd over - 0 run(s), 2 hit(s), 0 error(s), 2 left on base; San Francisco 1 - Hartford 0
BOTTOM OF THE 3RD
Hartford Darth Whalers batting - Pitching for San Francisco Macho Men : RHP José Zamora
Batting: RHB Jonathan Holden 0-0: Ball
1-0: SINGLE (Line Drive, 5)
Batting: RHB Chester Mullins 0-0: Called Strike
0-1: Foul Ball, location: 2F
0-2: Ball
1-2: Ball
2-2: Foul Ball, location: 2F
2-2: Grounds into double play, 4-6-3 (Groundball, 4)
Batting: LHB Bill Poe 0-0: Foul Ball, location: 2F
0-1: Swinging Strike
0-2: Foul Ball, location: 2F
0-2: Ball
1-2: Fly out, F8 (Flyball, 8LM)
Bottom of the 3rd over - 0 run(s), 1 hit(s), 0 error(s), 0 left on base; San Francisco 1 - Hartford 0
TOP OF THE 4TH
San Francisco Macho Men batting - Pitching for Hartford Darth Whalers : RHP José Francisco
Batting: RHB Phil Rowlett 0-0: Called Strike
0-1: Ball
1-1: Foul Ball, location: 2F
1-2: Foul Ball, location: 2F
1-2: SINGLE (Line Drive, 4MD)
Batting: RHB Daniel Bennett 0-0: Called Strike
0-1: Foul Ball, location: 2F
0-2: Ball
1-2: SINGLE (Line Drive, 4MD)
Phil Rowlett to second
Batting: RHB Bob Jones 0-0: Grounds into double play, 6-4-3 (Groundball, 6)
Phil Rowlett to third
Batting: RHB Lawrence Pérez 0-0: Swinging Strike
0-1: DOUBLE (Flyball, 78D)
Phil Rowlett scores
Batting: RHB Júlio Serra 0-0: Called Strike
0-1: Ground out 4-3 (Groundball, 4)
Top of the 4th over - 1 run(s), 3 hit(s), 0 error(s), 1 left on base; San Francisco 2 - Hartford 0
BOTTOM OF THE 4TH
Hartford Darth Whalers batting - Pitching for San Francisco Macho Men : RHP José Zamora
Batting: LHB Ryan Billman 0-0: Ball
1-0: Ball
2-0: Ground out 3-1 (Groundball, 34)
Batting: RHB Luis Manuel Miranda 0-0: Foul Ball, location: 2F
0-1: Swinging Strike
0-2: Strikes out swinging
Batting: LHB Larry Wright 0-0: Called Strike
0-1: Foul Ball, location: 2F
0-2: Foul Ball, location: 2F
0-2: Ball
1-2: Ball
2-2: Ball
3-2: Fly out, F9 (Flyball, 89D)
Bottom of the 4th over - 0 run(s), 0 hit(s), 0 error(s), 0 left on base; San Francisco 2 - Hartford 0
TOP OF THE 5TH
San Francisco Macho Men batting - Pitching for Hartford Darth Whalers : RHP José Francisco
Batting: LHB Phil Bishop 0-0: Ball
1-0: Fly out, F9 (Flyball, 9)
Batting: LHB Ernesto Hernández 0-0: Called Strike
0-1: Called Strike
0-2: Strikes out swinging
Batting: RHB Miguel Ramos 0-0: Called Strike
0-1: Ground out 5-3 (Groundball, 56S)
Top of the 5th over - 0 run(s), 0 hit(s), 0 error(s), 0 left on base; San Francisco 2 - Hartford 0
BOTTOM OF THE 5TH
Hartford Darth Whalers batting - Pitching for San Francisco Macho Men : RHP José Zamora
Batting: RHB Ryan Thrippleton 0-0: Called Strike
0-1: Ball
1-1: Ball
2-1: Ground out 6-3 (Groundball, 6S)
Batting: LHB Todd Gilliam 0-0: Fly out, F8 (Flyball, 8LD)
Batting: RHB Sergio Calderón 0-0: Ball
1-0: Called Strike
1-1: Ball
2-1: Fly out, F5 (Popup, 56)
Bottom of the 5th over - 0 run(s), 0 hit(s), 0 error(s), 0 left on base; San Francisco 2 - Hartford 0
TOP OF THE 6TH
San Francisco Macho Men batting - Pitching for Hartford Darth Whalers : RHP José Francisco
Batting: LHB Ángel De Jesús 0-0: Fly out, F8 (Flyball, 8LM)
Batting: RHB Phil Rowlett 0-0: Ball
1-0: Foul Ball, location: 2F
1-1: SINGLE (Flyball, 78S)
Batting: RHB Daniel Bennett 0-0: Ball
1-0: Ball
2-0: Fly out, F8 (Flyball, 8RS)
Batting: RHB Bob Jones 0-0: Foul Ball, location: 2F
0-1: Swinging Strike
0-2: Fly out, F8 (Line Drive, 89D)
Top of the 6th over - 0 run(s), 1 hit(s), 0 error(s), 1 left on base; San Francisco 2 - Hartford 0
BOTTOM OF THE 6TH
Hartford Darth Whalers batting - Pitching for San Francisco Macho Men : RHP José Zamora
Batting: RHB Jonathan Holden 0-0: Called Strike
0-1: Ball
1-1: Ball
2-1: Swinging Strike
2-2: Foul Ball, location: 2F
2-2: Ground out 4-3 (Groundball, 4M)
Batting: RHB Chester Mullins 0-0: Ball
1-0: Swinging Strike
1-1: SINGLE (Line Drive, 78S)
Batting: LHB Bill Poe 0-0: Ball
1-0: Called Strike
1-1: Called Strike
1-2: Fly out, F9 (Flyball, 9S)
Batting: LHB Ryan Billman 0-0: Called Strike
0-1: Ball
1-1: Fielders Choice at 2nd, 6-4 (Groundball, 6)
Bottom of the 6th over - 0 run(s), 1 hit(s), 0 error(s), 0 left on base; San Francisco 2 - Hartford 0
TOP OF THE 7TH
San Francisco Macho Men batting - Pitching for Hartford Darth Whalers : RHP José Francisco
Batting: RHB Lawrence Pérez 0-0: Ball
1-0: Called Strike
1-1: Ball
2-1: Fly out, F9 (Flyball, 9LS)
Pitching: RHP Jesús Caballero
Batting: RHB Júlio Serra 0-0: Fly out, F8 (Flyball, 8RS)
Batting: LHB Phil Bishop 0-0: Ground out 6-3 (Groundball, 6)
Top of the 7th over - 0 run(s), 0 hit(s), 0 error(s), 0 left on base; San Francisco 2 - Hartford 0
BOTTOM OF THE 7TH
Hartford Darth Whalers batting - Pitching for San Francisco Macho Men : RHP José Zamora
Pitching: RHP Ryuichi Ohayashi
Batting: RHB Luis Manuel Miranda 0-0: Ball
1-0: Called Strike
1-1: Called Strike
1-2: Strikes out swinging
Batting: LHB Larry Wright 0-0: Foul Ball, location: 2F
0-1: Foul Ball, location: 2F
0-2: Ball
1-2: Strikes out swinging
Batting: RHB Ryan Thrippleton 0-0: Ball
1-0: Single, Error in OF, E7, batter to second base
Batting: LHB Todd Gilliam 0-0: Called Strike
0-1: Swinging Strike
0-2: Strikes out swinging
Bottom of the 7th over - 0 run(s), 1 hit(s), 1 error(s), 1 left on base; San Francisco 2 - Hartford 0
TOP OF THE 8TH
San Francisco Macho Men batting - Pitching for Hartford Darth Whalers : RHP Jesús Caballero
Batting: LHB Ernesto Hernández 0-0: SINGLE (Groundball, 56S) (infield hit)
Batting: RHB Miguel Ramos 0-0: Ball
1-0: Foul Ball, location: 2F
1-1: Foul Ball, location: 2F
1-2: Strikes out swinging
Batting: LHB Ángel De Jesús 0-0: Foul Ball, location: 2F
0-1: Foul Ball, location: 2F
0-2: Ball
1-2: Ball
Wild Pitch!
Ernesto Hernández to second
2-2: Ball
3-2: Foul Ball, location: 2F
3-2: SINGLE (Groundball, 34D)
Ernesto Hernández to third
Runner from 3rd tries for Home, SAFE, no throw
Batting: RHB Phil Rowlett 0-0: Ball
1-0: Ball
2-0: Foul Ball, location: 2F
2-1: Foul Ball, location: 2F
2-2: Strikes out swinging
Batting: RHB Daniel Bennett 0-0: Ground out 6-3 (Groundball, 6)
Top of the 8th over - 1 run(s), 2 hit(s), 0 error(s), 1 left on base; San Francisco 3 - Hartford 0
BOTTOM OF THE 8TH
Hartford Darth Whalers batting - Pitching for San Francisco Macho Men : RHP Ryuichi Ohayashi
Batting: RHB Sergio Calderón 0-0: Called Strike
0-1: Swinging Strike
0-2: Ball
1-2: Foul Ball, location: 2F
1-2: Ball
2-2: Strikes out swinging
Batting: RHB Jonathan Holden 0-0: Called Strike
0-1: Ball
1-1: Fly out, F8 (Flyball, 8RM)
Batting: RHB Chester Mullins 0-0: Called Strike
0-1: Ball
1-1: Swinging Strike
1-2: Ball
2-2: Strikes out swinging
Bottom of the 8th over - 0 run(s), 0 hit(s), 0 error(s), 0 left on base; San Francisco 3 - Hartford 0
TOP OF THE 9TH
San Francisco Macho Men batting - Pitching for Hartford Darth Whalers : RHP Jesús Caballero
Batting: RHB Bob Jones 0-0: Called Strike
0-1: Fly out, F9 (Flyball, 9S)
Batting: RHB Lawrence Pérez 0-0: Swinging Strike
0-1: Swinging Strike
0-2: Strikes out swinging
Batting: RHB Júlio Serra 0-0: Called Strike
0-1: Ball
1-1: SINGLE (Line Drive, 6D)
Batting: LHB Phil Bishop 0-0: Called Strike
0-1: Ball
1-1: Ground out U3 (Groundball, 23)
Top of the 9th over - 0 run(s), 1 hit(s), 0 error(s), 1 left on base; San Francisco 3 - Hartford 0
BOTTOM OF THE 9TH
Hartford Darth Whalers batting - Pitching for San Francisco Macho Men : RHP Ryuichi Ohayashi
Pitching: RHP Víctor Bańuelos
Now at 1B: Nelson Burton
Now at 3B: Armando Alomar
Batting: LHB Bill Poe 0-0: Called Strike
0-1: Ball
1-1: Swinging Strike
1-2: Ball
2-2: Strikes out swinging
Batting: LHB Ryan Billman 0-0: Ball
1-0: Ground out 4-3 (Groundball, 4MS)
Batting: RHB Luis Manuel Miranda 0-0: Ball
1-0: Fly out, F6 (Line Drive, 6M)
Bottom of the 9th over - 0 run(s), 0 hit(s), 0 error(s), 0 left on base; San Francisco 3 - Hartford 0
Tuesday, August 8th, 2017 - OOTP Baseball 17.12 Build 75